 Dungeon Crawl Stone Soup version 0.29-a0-486-ga88943ba61 (webtiles) character file.

Game seed: 12418403535714320828

646 Infinimo the Cudgeller (level 7, -6/74 HPs)
             Began as an Ogre Gladiator on May 26, 2022.
             Was a Follower of Okawaru.
             Succumbed to a gnoll sergeant's poison
             ... on level 4 of the Dungeon.
             The game lasted 00:13:07 (7418 turns).

Infinimo the Cudgeller (Ogre Gladiator)             Turns: 7418, Time: 00:13:07

Health: -6/74      AC: 11    Str: 19    XL:     7   Next: 52%
Magic:  7/7        EV: 10    Int: 11    God:    Okawaru [*.....]
Gold:   272        SH:  0    Dex: 10    Spells: 6/6 levels left

rFire   . . .      SeeInvis .   a - +1 flail (protect)
rCold   . . .      Faith    .   (no shield)
rNeg    . . .      Spirit   .   b - +0 robe
rPois   .          Reflect  .   c - +1 hat
rElec   .          Harm     .   (no cloak)
rCorr   +          Rampage  .   (gloves unavailable)
Will    .....                   (boots unavailable)
Stlth   +.........              (no amulet)
HPRegen 0.22/turn               j - ring of resist corrosion
MPRegen 0.10/turn               (no ring)

@: lethally poisoned (-6 -> -46), under a protective aura
A: large, unfitting armour, tough skin 1
a: Renounce Religion, Heroism


You were on level 4 of the Dungeon.
You worshipped Okawaru.
Okawaru was aware of your devotion.
You visited 2 branches of the dungeon, and saw 6 of its levels.

You collected 272 gold pieces.

Inventory:

Hand Weapons
 a - a +1 flail of protection (weapon)
Missiles
 d - 3 throwing nets (quivered)
 e - a large rock
Armour
 b - a +0 robe (worn)
 c - a +1 hat (worn)
Jewellery
 h - a ring of fire
 j - a ring of resist corrosion (left hand)
Wands
 p - a wand of acid (1)
Scrolls
 m - a scroll of enchant armour
 s - a scroll of amnesia
Potions
 f - 2 potions of magic
 g - a potion of heal wounds
 i - 3 potions of flight
 k - a potion of experience {unknown}
 l - 2 potions of cancellation
 n - a potion of might {unknown}
 o - a potion of resistance {unknown}
 q - a potion of degeneration


   Skills:
 + Level 5.9 Fighting
 * Level 6.0 Maces & Flails
 - Level 2.0 Throwing
 + Level 4.1 Dodging


You had 6 spell levels left.
You didn't know any spells.
Your spell library contained the following spells:

 Spells                   Type           Power      Damage    Failure   Level
 Apportation              Tloc           0%         N/A       34%         1
 Beastly Appendage        Tmut           0%         N/A       34%         1
 Necrotize                Necr           0%         1d4       34%         1
 Slow                     Hex            0%         N/A       34%         1
 Wereblood                Tmut           0%         N/A       47%         2
 Confusing Touch          Hex            0%         N/A       71%         3
 Spider Form              Tmut/Pois      0%         N/A       71%         3
 Vampiric Draining        Necr           0%         2d6       71%         3
 Yara's Violent Unravell  Hex/Tmut       0%         3d3       100%        5
 Enfeeble                 Hex            0%         N/A       100%        7
 Summon Small Mammal      Summ           Unusable   N/A       N/A         1

Dungeon Overview and Level Annotations

Branches:
Dungeon (5/15)             Temple (1/1) D:4

Altars:
Ashenzari
Cheibriados
Dithmenos
Elyvilon
Fedhas
Gozag
Hepliaklqana
Kikubaaqudgha
Makhleb
Nemelex Xobeh
Okawaru
Qazlal
Ru
Sif Muna
Trog
Uskayaw
Vehumet
Wu Jian
Xom
Yredelemnul
Zin
The Shining One
Beogh

Shops:
D:2 (


Innate Abilities, Weirdness & Mutations

You are too large for most types of armour.
You have tough skin. (AC +1)


Message History

There is a stone staircase leading up here.
Okay, then.
The gnoll sergeant hits you with a +2 trident of venom!
You are poisoned.
Your weapon exudes an aura of protection.
The gnoll sergeant is moderately wounded.
You feel very sick.
The gnoll sergeant is heavily wounded.
You feel very sick.
The gnoll sergeant hits you with a +2 trident of venom.
You are more poisoned.
The gnoll sergeant is heavily wounded.
You feel very sick.
The gnoll sergeant hits you with a +2 trident of venom!
You are more poisoned.
The gnoll sergeant is heavily wounded.
You feel extremely sick.
The gnoll sergeant hits you with a +2 trident of venom.
You are lethally poisoned!
You are too injured to fight recklessly!
You are too injured to fight recklessly!
You are too injured to fight recklessly!
You are too injured to fight recklessly!
You are too injured to fight recklessly!
You are too injured to fight recklessly!
You are too injured to fight recklessly!
You are too injured to fight recklessly!
You are too injured to fight recklessly!
You are too injured to fight recklessly!
You are too injured to fight recklessly!
* * * LOW HITPOINT WARNING * * *
You feel extremely sick.
There is a stone staircase leading up here.
* * * LOW HITPOINT WARNING * * *
You feel extremely sick.
The gnoll sergeant hits you from afar with a +2 trident of venom!
* * * LOW HITPOINT WARNING * * *
You are more poisoned.
You climb upwards.
You die...

##### #.# #...#
######.#
#...###......######
#...'........'.....
#...###......######
#...# #......####
##'#########....###
#)#...............
#@)...............
###.#.............
#.####.......#..
#...............
#.#######.......
#.# #......# #.##
#....... ##..####
#.####.# #......#
#.####..


There were no monsters in sight!

Vanquished Creatures
  An ice beast (D:4)
  A phantom (D:4)
  A scorpion (D:5)
  A jelly (D:5)
  An orc priest (D:4)
  2 hounds (D:5)
  Ijyb (D:5)
  2 iguanas
  An orc wizard (D:3)
  3 adders
  6 gnolls
  2 worms
  3 dart slugs
  8 orcs
  3 bats
  9 endoplasms
  4 giant cockroaches
  18 goblins
  9 hobgoblins
  3 jackals (D:4)
  6 kobolds
  3 quokkas
  6 ball pythons
  3 frilled lizards
  4 rats
101 creatures vanquished.

Notes
Turn   | Place    | Note
-------+----------+-------------------------------------------
     0 | D:1      | Infinimo the Ogre Gladiator began the quest for the Orb.
     0 | D:1      | Reached XP level 1. HP: 22/22 MP: 1/1
   284 | D:1      | Reached skill level 3 in Maces & Flails
   525 | D:1      | Reached XP level 2. HP: 17/31 MP: 2/2
   709 | D:1      | Found a faded altar of an unknown god.
  1034 | D:1      | Reached XP level 3. HP: 37/37 MP: 3/3
  1528 | D:2      | Found Qetial's Weapon Shoppe.
  1551 | D:2      | Found a blossoming altar of Fedhas.
  1860 | D:2      | Reached XP level 4. HP: 48/48 MP: 4/4
  1889 | D:2      | Reached skill level 4 in Maces & Flails
  3679 | D:4      | Reached XP level 5. HP: 54/54 MP: 5/5
  3730 | D:4      | Found a staircase to the Ecumenical Temple.
  3761 | D:4      | Noticed a phantom
  3938 | D:4      | Found a sparkling altar of Nemelex Xobeh.
  4680 | D:4      | Killed a phantom
  4681 | D:4      | Reached XP level 6. HP: 62/65 MP: 6/6
  5157 | D:3      | Reached skill level 5 in Maces & Flails
  5670 | D:4      | Reached skill level 5 in Fighting
  5781 | Temple   | Entered the Ecumenical Temple
  5977 | Temple   | Became a worshipper of Warmaster Okawaru
  6016 | D:5      | Entered Level 5 of the Dungeon
  6263 | D:5      | Noticed an ice beast
  6286 | D:5      | Reached XP level 7. HP: 43/72 MP: 7/7
  6286 | D:5      | Noticed Ijyb
  6312 | D:4      | Reached * piety under Okawaru
  6506 | D:5      | Killed Ijyb
  7227 | D:4      | Reached skill level 6 in Maces & Flails
  7418 | D:4      | Succumbed to a gnoll sergeant's poison

Illustrated notes

Levels and vault maps discovered:
D:1:      dpeg_arrival_arbitrary_b, layout_loops_ring,
          shapermc_ecumenical_altar_gd, minmay_ruptured
D:2:      layout_loops_ring, basic_altar, serial_shops, nicolae_shop_stone
D:3:      minmay_evil_eye, layout_loops_corners
D:4:      kennysheep_goblin_castle, layout_basic, kennysheep_mini,
          minmay_temple_entry_ruins, minmay_misc_feat_five,
          kennysheep_orc_chapel
D:5:      wander_river, layout_basic, doesnt_shop_hydraphobe, uniq_ijyb
Temple:   minmay_crystal_snake_temple

Skill      XL: |  1  2  3  4  5  6  7 |
---------------+----------------------+-----
Fighting       | 3 4 5 |  5.9
Maces & Flails | 3 4 5 6 |  6.0
Dodging        | 3 4 |  4.1
Throwing       | |  2.0

Action                   |  1- 3 |  4- 6 |  7- 9 || total
-------------------------+-------+-------+-------++-------
Melee: Flail             |   118 |   202 |    74 ||   394
       Punch             |     2 |     1 |       ||     3
Throw: Large rock        |     2 |       |       ||     2
  Use: Scroll            |     3 |    13 |       ||    16
 Stab: Sleeping          |     1 |       |       ||     1
Armor: Robe              |    40 |    78 |    27 ||   145
Dodge: Dodged            |    61 |   110 |    34 ||   205

Table legend: (Time is in decaauts)
 A = Elapsed time spent in this place.
 B = Non-inter-level travel time spent in this place.
 C = Inter-level travel time spent in this place.
 D = Time resting spent in this place.
 E = Time spent auto-exploring this place.
 F = Levels seen in this place.
 G = Mean time per level.
                   A        B        C        D        E       F      G
               +--------+--------+--------+--------+--------+-----+--------+
         Total |   7533 |   7166 |    367 |   2019 |   3699 |   6 | 1255.5 |
       Dungeon |   7316 |   6999 |    317 |   2019 |   3559 |   5 | 1463.2 |
        Temple |    216 |    166 |     50 |      0 |    140 |   1 |  216.0 |
               +--------+--------+--------+--------+--------+-----+--------+

Top non-repeatable levels by time:
     D:4: 2009 daAuts
     D:3: 1571 daAuts
     D:1: 1561 daAuts
     D:2: 1162 daAuts
     D:5: 1012 daAuts
  Temple: 216 daAuts
